 Dungeon Crawl Stone Soup version 0.18.1-48-g4cf74bf (webtiles) character file.

618 TuxedoFelix the Skirmisher (level 7, 0/61 HPs)
             Began as a Minotaur Berserker on July 15, 2016.
             Was a Priest of Trog.
             Killed from afar by an orc wizard (8 damage)
             ... with a puff of flame
             ... on level 4 of the Dungeon.
             The game lasted 00:18:36 (5196 turns).

TuxedoFelix the Skirmisher (Minotaur Berserker)     Turns: 5196, Time: 00:18:36

Health: 0/61       AC:  6    Str: 23    XL:     7   Next: 21%
Magic:  6/6        EV: 13    Int:  4    God:    Trog [***...]
Gold:   210        SH:  0    Dex: 10    Spells: 0 memorised, 6 levels left

rFire  . . .     SeeInvis .     a - +0 hand axe
rCold  . . .     Gourm    .     p - +0 ring mail
rNeg   . . .     Faith    .     (no shield)
rPois  .         Spirit   .     (helmet restricted)
rElec  .         Dismiss  .     (no cloak)
rCorr  .         Reflect  .     (no gloves)
SustAt .         Harm     .     (no boots)
MR     .....                    (no amulet)
Stlth  +.........               (no ring)
                                (no ring)

@: exhausted, slowed, very slow, not resistant to hostile enchantments, very
unstealthy
A: retaliatory headbutt, horns 2
a: Berserk, Trog's Hand, Burn Spellbooks, Renounce Religion


You were on level 4 of the Dungeon.
You worshipped Trog.
Trog was most pleased with you.
You were not hungry.

You visited 1 branch of the dungeon, and saw 4 of its levels.

You collected 210 gold pieces.

Inventory:

Hand Weapons
 a - a +0 hand axe (weapon)
Armour
 p - a +0 ring mail (worn)
Jewellery
 h - an uncursed ring of stealth {unknown}
 r - an uncursed ring of wizardry {unknown}
Scrolls
 f - 3 scrolls of enchant armour
 g - a scroll of recharging {unknown}
 i - a scroll of teleportation {unknown}
 j - 4 scrolls of identify {unknown}
 k - 3 scrolls of remove curse {unknown}
 l - a scroll of blinking {unknown}
 m - 4 scrolls of enchant weapon {unknown}
 q - 2 scrolls of amnesia {unknown}
 s - a scroll of fog {unknown}
Potions
 b - 2 potions of agility {unknown}
 d - a potion of cancellation {unknown}
 e - a potion of beneficial mutation {unknown}
 o - a potion of heal wounds {unknown}
Comestibles
 n - a bread ration


   Skills:
 + Level 5.6 Fighting
 + Level 5.2 Axes
 + Level 5.1 Armour
 + Level 5.2 Dodging
 + Level 1.3 Stealth


You had 6 spell levels left.
You didn't know any spells.

Dungeon Overview and Level Annotations

Branches:
Dungeon (4/15)
 Temple: D:4-7

Altars:
Ashenzari
Cheibriados
Fedhas
Gozag
Kikubaaqudgha
Nemelex Xobeh
Qazlal
Xom
Zin
The Shining One

Annotations:
D:4 Menkaure


Innate Abilities, Weirdness & Mutations

You reflexively headbutt those who attack you in melee.
You have a pair of horns on your head.


Message History

The orc hits you with a flail.
* * * LOW HITPOINT WARNING * * *
You feel a strong urge to attack something.
The orc misses you. You furiously retaliate!
You headbutt the orc!
You kill the orc!
Trog accepts your kill.
Menkaure calls on the powers of darkness!
The orc convulses!
The orc wizard convulses!
Your body is wracked with pain!
* * * LOW HITPOINT WARNING * * *
The orc completely misses you.
You feel your anger subside.
You are no longer berserk.
You are exhausted.
You feel yourself slow down.
The orc wizard mumbles some strange words.
The orc wizard flickers and vanishes!
Deactivating autopickup; reactivate with Ctrl-A.
You hear some strange, mumbled words.
A puff of flame appears from out of thin air!
The puff of flame hits you!
You die...

..........[.. ...
............. ..
............. # #.
............. ##.##.###
#'##.......### ..
........#....#.......# ...
........#....#.......# ....
........'....#.......#
<...########@######.......#
.........o................#
'###.....)o........######.#
#...............#......#
#...............#.....##
#...M...........'......#
#.....#'###.....########
#.....#...######.......#
#.....'.)......#.......#


You could see Menkaure and 2 orcs.

Vanquished Creatures
  2 phantoms
  2 scorpions (D:4)
  A howler monkey (D:4)
  A hound (D:4)
  An orc priest (D:3)
  Natasha (thrice) (D:2)
  An iguana (D:4)
  A worker ant (D:4)
  2 adders
  An ooze (D:4)
  5 worms
  A giant gecko (D:1)
  8 orcs
  8 giant cockroaches
  7 goblins
  5 hobgoblins
  13 kobolds
  A quokka (D:4)
  A ball python (D:2)
  11 bats
  2 giant newts
  10 rats
87 creatures vanquished.

Notes
Turn   | Place    | Note
--------------------------------------------------------------
     0 | D:1      | TuxedoFelix the Minotaur Berserker began the quest for the Orb.
     0 | D:1      | Reached XP level 1. HP: 19/19 MP: 0/0
   289 | D:1      | Reached XP level 2. HP: 27/27 MP: 1/1
   774 | D:1      | Reached ** piety under Trog
   837 | D:1      | Reached XP level 3. HP: 32/33 MP: 2/2
  1120 | D:2      | Noticed Natasha
  1130 | D:2      | Killed Natasha
  1406 | D:2      | Noticed Natasha
  1409 | D:2      | Killed Natasha
  1409 | D:2      | Reached XP level 4. HP: 34/41 MP: 3/3
  1892 | D:2      | Found a stormy altar of Qazlal.
  1950 | D:2      | Found a shattered altar of Ashenzari.
  2089 | D:2      | Found a sparkling altar of Nemelex Xobeh.
  2329 | D:2      | Noticed Natasha
  2332 | D:2      | Killed Natasha
  2332 | D:2      | Reached XP level 5. HP: 39/47 MP: 4/4
  2771 | D:3      | Reached *** piety under Trog
  3093 | D:3      | Noticed a phantom
  3134 | D:3      | Killed a phantom
  3134 | D:3      | Reached skill level 1 in Stealth
  3527 | D:3      | Reached XP level 6. HP: 12/55 MP: 5/5
  4131 | D:4      | Found a glowing golden altar of the Shining One.
  4150 | D:4      | Reached skill level 5 in Fighting
  4194 | D:4      | Found a glowing silver altar of Zin.
  4200 | D:4      | Found a blossoming altar of Fedhas.
  4202 | D:4      | Found a shimmering altar of Xom.
  4203 | D:4      | Found a snail-covered altar of Cheibriados.
  4206 | D:4      | Found an opulent altar of Gozag.
  4633 | D:4      | Reached skill level 5 in Axes
  4658 | D:4      | Reached skill level 5 in Dodging
  4709 | D:4      | Found an ancient bone altar of Kikubaaqudgha.
  4814 | D:4      | Reached XP level 7. HP: 37/61 MP: 6/6
  5025 | D:4      | Reached skill level 5 in Armour
  5182 | D:4      | Noticed Menkaure
  5196 | D:4      | Killed from afar by an orc wizard

Skill      XL: |  1  2  3  4  5  6  7 |
---------------+----------------------+-----
Fighting       | 4 5 |  5.6
Axes           | 4 5 |  5.2
Dodging        | 3 4 5 |  5.2
Armour         | 3 4 5 |  5.1
Stealth        | 1 |  1.3

Action                   |  1- 3 |  4- 6 |  7- 9 || total
-------------------------+-------+-------+-------++-------
Melee: Hand axe          |    89 |   128 |    27 ||   244
       Headbutt          |     6 |    19 |     4 ||    29
Invok: Berserk           |     1 |     1 |     1 ||     3
  Use: Scroll            |     1 |       |       ||     1
 Stab: Sleeping          |       |     1 |       ||     1
  Eat: Bread ration      |     1 |       |     1 ||     2
       Meat ration       |       |     2 |       ||     2
Armor: Animal skin       |     7 |       |       ||     7
       Leather armour    |    20 |     7 |       ||    27
       Ring mail         |       |    16 |     7 ||    23
Dodge: Dodged            |    72 |    85 |    22 ||   179
